 Dungeon Crawl Stone Soup version 0.11.0-9-gb634444 (webtiles) character file.

3747 Canard the Grappler (level 9, -1/87 HPs)
             Began as a Troll Berserker on Oct 27, 2012.
             Was a High Priest of Trog.
             Slain by a killer bee (10 damage)
             ... on Level 8 of the Dungeon.
             The game lasted 00:18:05 (5413 turns).

Canard the Grappler (Troll Berserker)               Turns: 5413, Time: 00:18:05

HP  -1/87        AC  5     Str 27      XL: 9   Next: 73%
MP   3/3         EV 13     Int  3      God: Trog [*****.]
Gold 179         SH  0     Dex 12      Spells:  0 memorised,  8 levels left

Res.Fire  : . . .   See Invis. : .     - Unarmed
Res.Cold  : . . .   Warding    : .   b - +0 animal skin
Life Prot.: . . .   Conserve   : .   (shield restricted)
Res.Poison: .       Res.Corr.  : .   (helmet restricted)
Res.Elec. : .       Clarity    : +   (no cloak)
Sust.Abil.: . .     Spirit.Shd : .   (gloves unavailable)
Res.Mut.  : .       Stasis     : .   (boots unavailable)
Res.Rott. : .       Ctrl.Telep.: .   v - amulet of clarity
Gourmand  : +       Levitation : .   (no ring) Ctrl.Flight: .
                                     (no ring)

@: regenerating, exhausted, mildly poisoned, slowed, very slow, very resistant
to hostile enchantments, unstealthy
A: unfitting armour, claws 3, fast metabolism 3, gourmand, regeneration 2,
saprovore 2, tough skin 2, AC +1
a: Burn Spellbooks, Berserk, Trog's Hand, Brothers in Arms, Renounce Religion


You were on level 8 of the Dungeon.
You worshipped Trog.
Trog was extremely pleased with you.
You were full.

You visited 1 branch of the dungeon, and saw 8 of its levels.

You collected 159 gold pieces.


Innate Abilities, Weirdness & Mutations

You are too large for most types of armour.
You have claws for hands.
Your metabolism is lightning-fast.
You like to eat raw meat.
You heal very quickly.
You can eat rotten meat.
You are covered in fur (AC +1).
You have very tough skin (AC +2).


   Skills:
 + Level 5.3 Fighting
 + Level 7.7 Dodging
 + Level 8.9 Unarmed Combat


You had 8 spell levels left.
You didn't know any spells.

Action                   |  1- 3 |  4- 6 |  7- 9 || total
-------------------------+-------+-------+-------++-------
Melee: Unarmed           |    94 |   117 |   336 ||   547
Throw: Stone             |       |       |    10 ||    10
Invok: Berserk           |       |     2 |     4 ||     6
       Trog's Hand       |       |       |     1 ||     1
  Use: Scroll            |       |       |     5 ||     5
       Potion            |       |       |     6 ||     6

Inventory:

Hand weapons
 h - a +1,+2 dagger of venom
   (You took it off a kobold on level 1 of the Dungeon)
 s - a +1,+1 crossbow of evasion
   (You took it off a kobold on level 4 of the Dungeon)
 u - a +5,+2 flail of crushing
   (You took it off Edmund on level 4 of the Dungeon)
Missiles
 k - 32 stones (quivered)
 w - 16 bolts
Armour
 b - a +0 animal skin (worn)
Magical devices
 t - a wand of teleportation (0)
   (You took it off Edmund on level 4 of the Dungeon)
 z - a wand of polymorph other (12) {unknown}
   (You found it on level 7 of the Dungeon)
Comestibles
 a - 5 meat rations
 q - 6 bread rations
 A - 2 pears
 B - 3 chokos
Scrolls
 c - 5 scrolls of identify
 e - a scroll of remove curse
 g - 2 scrolls of blinking
 n - a scroll of random uselessness
 x - a scroll of curse armour {unknown}
 y - a scroll of curse weapon {unknown}
 C - 3 scrolls of teleportation
 D - a scroll of noise {unknown}
 E - a scroll of enchant weapon I {unknown}
 F - a scroll of magic mapping {unknown}
 G - a scroll of enchant weapon II {unknown}
 H - a scroll of amnesia {unknown}
Jewellery
 l - a -2 ring of protection
   (You found it on level 1 of the Dungeon)
 o - a -2 ring of intelligence
   (You found it on level 2 of the Dungeon)
 p - an uncursed amulet of stasis
   (You found it on level 2 of the Dungeon)
 v - an amulet of clarity (around neck)
   (You found it on level 4 of the Dungeon)
Potions
 d - a potion of slowing
 f - a potion of magic
 i - 3 potions of heal wounds
 j - a potion of cure mutation
 m - a potion of agility
 r - a potion of curing


Message History

Huge Dmg: -14%(-18hp) hp: 8%(10hp)
A killer bee comes into view.
* * * LOW HITPOINT WARNING * * *
You feel sick.
The killer bee buzzes angrily.
The killer bee misses you.
You hear an angry buzzing noise.
Dowan misses you.
A killer bee comes into view.
Exp: ~38(2%)
You feel a strong urge to attack something.
* * * LOW HITPOINT WARNING * * *
You feel sick.
You feel a little better. The killer bee misses you.
You hear an angry buzzing noise.
You are no longer berserk.
Trog's vigour flows through your veins.
You are exhausted.
You feel yourself slow down. The killer bee stings you!
You die...

#...<# ###...##
#......##
#.......##
#....#.)..#
#...###...## ##..
#....#
#######..>#######
#(.......@...#
#....####.k..#
#...###k###..#
#..# #.#.ek# #.#
#k##.# . #k#.#.#
#k# ##.# #e# .#
#ยง# .#

Dungeon Overview and Level Annotations

Branches:
Dungeon (8/27)             Temple (0/1) D:5
    Orc: D:6-11        Lair: D:8-13

Altars:
Kikubaaqudgha
Xom

Annotations
D:8 Dowan, Duvessa

Table legend:
 A = Turns spent in this place as a percentage of turns spent in the entire game.
 B = Non-inter-level travel turns spent in this place as a percentage of non-inter-level travel turns spent in the entire game.
 C = Inter-level travel turns spent in this place as a percentage of turns spent in this place.
 D = Turns resting spent in this place as a percentage of non-inter-level travel turns spent in this place.
 E = Turns spent auto-exploring this place as a percentage of non-inter-level travel turns spent in this place.
 F = Non-inter-level travel turns spent in this place divided by the number of levels of this place that you've seen.
                   A       B       C       D       E      F
               +-------+-------+-------+-------+-------+----------------------
         Total | 100.0 | 100.0 |   0.5 |   1.7 |  12.4 | 224.6
       Dungeon | 100.0 | 100.0 |   0.5 |   1.7 |  12.4 | 224.6
               +-------+-------+-------+-------+-------+----------------------

Table legend:
 A = Kills in this place as a percentage of kills in entire the game.
 B = Kills by you in this place as a percentage of kills by you in the entire game.
 C = Kills by friends in this place as a percentage of kills by friends in the entire game.
 D = Other kills in this place as a percentage of other kills in the entire game.
 E = Experience gained in this place as a percentage of experience gained in the entire game.
 F = Experience gained in this place divided by the number of levels of this place that you have seen.
                   A       B       C       D       E      F
               +-------+-------+-------+-------+-------+----------------------
         Total | 100.0 | 100.0 |  -nan | 100.0 | 100.0 | 637.2
       Dungeon | 100.0 | 100.0 |  -nan | 100.0 | 100.0 | 637.2
               +-------+-------+-------+-------+-------+----------------------
You could see Dowan and 2 killer bees.

Vanquished Creatures
  A hill giant (D:7)
  The ghost of darksquall the Insei, an experienced DsTm of Sif Muna (D:5)
  A troll (D:5)
  2 hippogriffs
  Edmund (D:4)
  A sky beast (D:6)
  2 giant goldfish zombies (D:2)
  2 centaurs (D:5)
  4 ogres
  A phantom (D:4)
  3 giant frogs
  5 killer bees (D:8)
  A crimson imp (D:5)
  3 hound skeletons
  A hound zombie (D:7)
  An orc priest (D:4)
  4 scorpions
  3 worker ants
  An iguana (D:6)
  2 orc wizards (D:4)
  3 hounds
  A worker ant zombie (D:7)
  A big fish zombie (D:2)
  A worm zombie (D:1)
  A jelly (D:4)
  10 adders
  7 gnolls
  A scorpion zombie (D:6)
  A giant mite (D:7)
  4 worms
  A bat zombie (D:2)
  A giant eyeball (D:6)
  3 giant geckos
  8 orcs
  5 giant cockroaches
  10 goblins
  10 hobgoblins
  A quokka (D:8)
  A ball python (D:1)
  9 bats
  4 giant newts
  A giant spore (D:6)
  A hobgoblin skeleton (D:5)
  4 jackals (D:4)
  14 kobolds
  An orc skeleton (D:7)
  11 rats
  A ballistomycete (D:6)
156 creatures vanquished.

Vanquished Creatures (others)
  A giant frog (D:6)
  A ballistomycete (D:6)
  2 toadstools (D:6)
4 creatures vanquished.

Grand Total: 160 creatures vanquished

Notes
Turn   | Place    | Note
--------------------------------------------------------------
     0 | D:1      | Canard, the Troll Berserker, began the quest for the Orb.
     0 | D:1      | Reached XP level 1. HP: 23/23 MP: 0/0
   262 | D:1      | Reached XP level 2. HP: 31/31 MP: 0/0
   608 | D:1      | Acquired Trog's second power
   970 | D:1      | Reached XP level 3. HP: 31/37 MP: 1/1
  1135 | D:2      | Noticed a giant goldfish zombie
  1135 | D:2      | Noticed a giant goldfish zombie
  1138 | D:2      | Found an ancient bone altar of Kikubaaqudgha.
  1148 | D:2      | Killed a giant goldfish zombie
  1148 | D:2      | Reached skill level 4 in Unarmed Combat
  1148 | D:2      | Reached XP level 4. HP: 14/46 MP: 1/1
  1218 | D:2      | Killed a giant goldfish zombie
  1218 | D:2      | Reached XP level 5. HP: 17/54 MP: 1/1
  1488 | D:2      | Reached XP level 6. HP: 48/62 MP: 2/2
  2366 | D:4      | Noticed Edmund
  2400 | D:4      | Reached skill level 5 in Unarmed Combat
  2617 | D:4      | Killed Edmund
  2617 | D:4      | Reached XP level 7. HP: 28/70 MP: 2/2
  2747 | D:4      | Reached skill level 5 in Dodging
  3267 | D:5      | Entered Level 5 of the Dungeon
  3318 | D:5      | Noticed darksquall's ghost (experienced DsTm)
  3332 | D:5      | Reached skill level 6 in Unarmed Combat
  3339 | D:5      | Killed darksquall's ghost
  3339 | D:5      | Reached XP level 8. HP: 79/79 MP: 2/2
  3572 | D:5      | Found a staircase to the Ecumenical Temple.
  3597 | D:5      | Acquired Trog's third power
  3663 | D:5      | Found a shimmering altar of Xom.
  3663 | D:5      | Noticed a troll
  3670 | D:5      | Killed a troll
  3670 | D:5      | Reached skill level 7 in Unarmed Combat
  4151 | D:6      | Reached XP level 9. HP: 87/87 MP: 3/3
  4757 | D:7      | Reached skill level 8 in Unarmed Combat
  4855 | D:7      | Paralysed by a potion of paralysis for 2 turns
  5153 | D:7      | Reached skill level 5 in Fighting
  5169 | D:7      | Noticed a hill giant
  5181 | D:7      | Killed a hill giant
  5408 | D:8      | Noticed Dowan
  5410 | D:8      | Noticed Duvessa
  5413 | D:8      | Slain by a killer bee

Vault maps used:
D:1:      evilmike_entry_run_for_it, baited_tele_trap
D:2:      lemuel_zombie_altar_kikubaaqudgha
D:3:      uniq_sigmund
D:4:      minivault_14, uniq_edmund
D:5:      overflow_temple_1_default, first_bread, minivault_23,
          temple_secret_doors_e
D:8:      overflow_temple_1_default, david_nohive_1, uniq_duvessa
